 Dungeon Sprint DCSS version 0.30-a0-347-gf58ed5266c (webtiles) character file.

Game seed: 9137952535139125074

5056 rocky1 the Thaumaturge (level 10, -7/86 HPs)
             Began as a Gnoll Warper on Nov 7, 2022.
             Was the Champion of Cheibriados.
             Mangled by a war gargoyle
             ... wielding a +0 morningstar
              (23 damage)
             ... in the Dungeon (Sprint VII: "The Pits").
             The game lasted 00:05:12 (1416 turns).

rocky1 the Thaumaturge (Gnoll Warper)               Turns: 1416, Time: 00:05:13

Health: -7/86      AC: 20    Str: 30    XL:     10   Next: 56%
Magic:  24/24      EV: 22    Int: 29    God:    Cheibriados [******]
Gold:   0          SH:  0    Dex: 31    Spells: 15/30 levels left

rFire   + . .      SeeInvis .    p - +2 halberd "Ostai" {flame, rPois rF+ Str+3 Dex+3}
rCold   . . .      Faith    .    (shield currently unavailable)
rNeg    . . .      Spirit   .    r - +4 chain mail
rPois   +          Reflect  .    (no helmet)
rElec   .          Harm     .    (no cloak)
rCorr   .          Rampage  .    (no gloves)
Will    .....      NoTele   +    q - +0 pair of boots
Stlth   ++........               (no amulet)
HPRegen 0.34/turn                a - +3 ring of protection
MPRegen 0.19/turn                g - +3 ring of evasion

@: very slow
A: fangs 1, strong nose, distributed training
a: Renounce Religion, Bend Time, Temporal Distortion, Slouch, Step From Time


You were in the Dungeon.
You worshipped Cheibriados.
Cheibriados was exalted by your worship.
You visited 1 branch

Inventory:

Hand Weapons
 n - a +2 vorpal trident
 p - the +2 halberd "Ostai" (weapon) {flame, rPois rF+ Str+3 Dex+3}
   (You found it in the Dungeon)

   It burns those it strikes, dealing additional fire damage.
   Big, fiery blades are also staple armaments of hydra-hunters.
   Str:       It affects your strength (+3).
   Dex:       It affects your dexterity (+3).
   rF:        It protects you from fire.
   rPois:     It protects you from poison.
Missiles
 b - 3 throwing nets
 d - 7 boomerangs of dispersal (quivered)
 o - 3 boomerangs
Armour
 q - a +0 pair of boots (worn)
 r - a +4 chain mail (worn)
Jewellery
 a - a +3 ring of protection (left hand)
 g - a +3 ring of evasion (right hand)
Scrolls
 c - 2 scrolls of blinking
 k - 5 scrolls of amnesia
 l - a scroll of summoning
Potions
 e - 7 potions of curing
 f - 10 potions of heal wounds
 h - 3 potions of magic
 i - 4 potions of berserk rage
 j - 2 potions of invisibility
 m - a potion of mutation


   Skills:
 + Level 10.5 Fighting
 + Level 9.4 Short Blades
 + Level 9.4 Long Blades
 + Level 9.4 Axes
 + Level 9.4 Maces & Flails
 + Level 10.5 Polearms
 + Level 9.4 Staves
 + Level 9.4 Ranged Weapons
 + Level 9.8 Throwing
 + Level 9.8 Armour
 + Level 10.5 Dodging
 + Level 9.4 Stealth
 + Level 9.4 Shields
 + Level 9.4 Unarmed Combat
 + Level 10.7 Spellcasting
 + Level 7.9 Conjurations
 + Level 7.9 Hexes
 + Level 7.9 Summonings
 + Level 7.9 Necromancy
 + Level 9.7 Translocations
 + Level 7.9 Transmutations
 + Level 7.9 Fire Magic
 + Level 7.9 Ice Magic
 + Level 7.9 Air Magic
 + Level 7.9 Earth Magic
 + Level 7.9 Poison Magic
 + Level 10.3 Invocations
 + Level 9.4 Evocations


You had 15 spell levels left.
You knew the following spells:

 Your Spells              Type           Power      Damage    Failure   Level
a - Blink                 Tloc           100%       N/A       1%          2
b - Lesser Beckoning      Tloc           100%       N/A       1%          3
c - Teleport Other        Tloc           64%        N/A       1%          3
d - Vhi's Electric Charg  Tloc/Air       100%       N/A       1%          3
e - Manifold Assault      Tloc           64%        N/A       2%          4

Your spell library contained the following spells:

 Spells                   Type           Power      Damage    Failure   Level


Dungeon Overview and Level Annotations

Branches:
Dungeon (1/1)

Altars:
Ashenzari
Cheibriados
Dithmenos
Elyvilon
Fedhas
Gozag
Hepliaklqana
Kikubaaqudgha
Makhleb
Nemelex Xobeh
Okawaru
Qazlal
Ru
Sif Muna
Trog
Uskayaw
Vehumet
Wu Jian
Xom
Yredelemnul
Zin
The Shining One
Jiyva
Lugonu


Innate Abilities, Weirdness & Mutations

You have very sharp teeth.
Your uncanny sense of smell can sniff out nearby items.
Your experience applies equally to all skills.


Message History

The war gargoyle hits you with a +0 morningstar!
You are too injured to fight recklessly!
Unknown command.
You are too injured to fight recklessly!
You are too injured to fight recklessly!
You are too injured to fight recklessly!
You hit the war gargoyle but do no damage.
The war gargoyle is moderately damaged.
The hound completely misses you. The war gargoyle misses you.
The hound closely misses you.
You slice the war gargoyle!! You burn the war gargoyle.
The war gargoyle is almost destroyed.
The hound misses you.
The war gargoyle launches metal splinters at you.
The spray of metal splinters misses you.
You barely miss the war gargoyle.
You bite the war gargoyle, but do no damage.
The war gargoyle is almost destroyed.
The hound completely misses you.
The war gargoyle hits you with a +0 morningstar!
* * * LOW HITPOINT WARNING * * *
The hound closely misses you. The war gargoyle barely misses you.
You barely miss the war gargoyle.
The war gargoyle is almost destroyed.
The hound completely misses you.
The war gargoyle launches metal splinters at you.
The spray of metal splinters misses you.
Unknown command.
You barely miss the war gargoyle.
You bite the war gargoyle, but do no damage.
The war gargoyle is almost destroyed.
The hound barely misses you.
The war gargoyle launches metal splinters at you.
The spray of metal splinters hits you.
* * * LOW HITPOINT WARNING * * *
The hound closely misses you.
You hit the war gargoyle.
The war gargoyle is almost destroyed.
The war gargoyle hits you with a +0 morningstar!!
You die...

∆∆∆ ∆∆∆∆ ∆∆∆∆∆
#################+#
....†.............#
..................#
++##############..#
∆∆∆∆ ∆∆ ∆∆#@.# ∆∆
∆∆#9h# #..# #..#
#..# #..# #..# ∆∆
∆∆#..#


You could see a war gargoyle (catching breath) and a hound.

Vanquished Creatures
  A merfolk javelineer (D)
  Erolcha (D)
  An elephant (D)
  A smoke demon (D)
  4 merfolk (D)
  A dream sheep (D)
  5 yaks (D)
  A wraith (D)
  A redback (D)
  A water moccasin (D)
  An ice beast (D)
  A kobold brigand (D)
  A necrophage (D)
  4 killer bees (D)
  A crimson imp (D)
  A quasit (D)
  A gnoll bouda (D)
  2 orc priests (D)
  2 orc wizards (D)
  A mummy (D)
  5 gnolls (D)
  2 river rats (D)
  A white imp (D)
  An adder zombie (D)
  An orc (D)
  A ball python (D)
  2 giant cockroaches (D)
  A goblin (D)
  A hobgoblin (D)
  2 jackals (D)
  2 frilled lizards (D)
51 creatures vanquished.

Vanquished Creatures (others)
  A shadow wraith (D)
1 creature vanquished.

Grand Total: 52 creatures vanquished

Notes
Turn   | Place    | Note
-------+----------+-------------------------------------------
     0 | D        | rocky1 the Gnoll Warper began the quest for the Orb.
     0 | D        | Reached XP level 1. HP: 20/20 MP: 6/6
    17 | D        | Reached skill level 1 in Short Blades
    17 | D        | Reached skill level 1 in Long Blades
    17 | D        | Reached skill level 1 in Axes
    17 | D        | Reached skill level 1 in Maces & Flails
    17 | D        | Reached skill level 1 in Staves
    17 | D        | Reached skill level 1 in Ranged Weapons
    17 | D        | Reached skill level 1 in Stealth
    17 | D        | Reached skill level 1 in Shields
    17 | D        | Reached skill level 1 in Unarmed Combat
    17 | D        | Reached skill level 5 in Spellcasting
    17 | D        | Reached skill level 1 in Conjurations
    17 | D        | Reached skill level 1 in Hexes
    17 | D        | Reached skill level 1 in Summonings
    17 | D        | Reached skill level 1 in Necromancy
    17 | D        | Reached skill level 1 in Transmutations
    17 | D        | Reached skill level 1 in Fire Magic
    17 | D        | Reached skill level 1 in Ice Magic
    17 | D        | Reached skill level 1 in Air Magic
    17 | D        | Reached skill level 1 in Earth Magic
    17 | D        | Reached skill level 1 in Poison Magic
    17 | D        | Reached skill level 1 in Invocations
    17 | D        | Reached skill level 1 in Evocations
    17 | D        | Reached XP level 2. HP: 25/26 MP: 8/8
    22 | D        | Found a bloodstained altar of Trog.
    22 | D        | Found a shimmering blue altar of Sif Muna.
    22 | D        | Found a viscous altar of Jiyva.
    22 | D        | Found a hazy altar of Hepliaklqana.
    22 | D        | Found an opulent altar of Gozag.
    23 | D        | Found a glowing golden altar of the Shining One.
    23 | D        | Found a glowing silver altar of Zin.
    23 | D        | Found a basalt altar of Yredelemnul.
    23 | D        | Found a shimmering altar of Xom.
    23 | D        | Found an ornate altar of the Wu Jian Council.
    23 | D        | Found a sacrificial altar of Ru.
    23 | D        | Found a stormy altar of Qazlal.
    23 | D        | Found an iron altar of Okawaru.
    23 | D        | Found a sparkling altar of Nemelex Xobeh.
    23 | D        | Found a burning altar of Makhleb.
    23 | D        | Found a blossoming altar of Fedhas.
    23 | D        | Found a white marble altar of Elyvilon.
    23 | D        | Found a shadowy altar of Dithmenos.
    23 | D        | Found a snail-covered altar of Cheibriados.
    25 | D        | Found a radiant altar of Vehumet.
    25 | D        | Found a corrupted altar of Lugonu.
    26 | D        | Found a hide-covered altar of Uskayaw.
    26 | D        | Found an ancient bone altar of Kikubaaqudgha.
    26 | D        | Found a broken altar of Ashenzari.
    34 | D        | Became a worshipper of Cheibriados the Contemplative
    84 | D        | Learned a level 2 spell: Blink
    89 | D        | Reached * piety under Cheibriados
   100 | D        | Reached ** piety under Cheibriados
   215 | D        | Reached XP level 3. HP: 32/32 MP: 9/9
   216 | D        | Reached skill level 5 in Fighting
   216 | D        | Reached skill level 5 in Polearms
   216 | D        | Reached skill level 5 in Dodging
   218 | D        | Reached *** piety under Cheibriados
   323 | D        | Reached XP level 4. HP: 30/39 MP: 9/11
   324 | D        | Reached **** piety under Cheibriados
   328 | D        | Reached XP level 5. HP: 37/46 MP: 9/13
   339 | D        | Reached ***** piety under Cheibriados
   368 | D        | Reached skill level 5 in Throwing
   368 | D        | Reached skill level 5 in Armour
   368 | D        | Reached XP level 6. HP: 52/52 MP: 15/15
   470 | D        | Noticed a dream sheep
   475 | D        | Killed a dream sheep
   476 | D        | Reached skill level 5 in Short Blades
   476 | D        | Reached skill level 5 in Long Blades
   476 | D        | Reached skill level 5 in Axes
   476 | D        | Reached skill level 5 in Maces & Flails
   476 | D        | Reached skill level 5 in Staves
   476 | D        | Reached skill level 5 in Ranged Weapons
   476 | D        | Reached skill level 5 in Stealth
   476 | D        | Reached skill level 5 in Shields
   476 | D        | Reached skill level 5 in Unarmed Combat
   476 | D        | Reached skill level 5 in Invocations
   476 | D        | Reached skill level 5 in Evocations
   478 | D        | Noticed an ice beast
   478 | D        | Noticed a water moccasin
   482 | D        | Reached ****** piety under Cheibriados
   483 | D        | Reached XP level 7. HP: 60/60 MP: 17/17
   581 | D        | Learned a level 3 spell: Lesser Beckoning
   585 | D        | Learned a level 3 spell: Teleport Other
   589 | D        | Learned a level 3 spell: Vhi's Electric Charge
   594 | D        | Learned a level 4 spell: Manifold Assault
   595 | D        | Noticed an elephant
   597 | D        | Reached skill level 5 in Conjurations
   597 | D        | Reached skill level 5 in Hexes
   597 | D        | Reached skill level 5 in Summonings
   597 | D        | Reached skill level 5 in Necromancy
   597 | D        | Reached skill level 5 in Transmutations
   597 | D        | Reached skill level 5 in Fire Magic
   597 | D        | Reached skill level 5 in Ice Magic
   597 | D        | Reached skill level 5 in Air Magic
   597 | D        | Reached skill level 5 in Earth Magic
   597 | D        | Reached skill level 5 in Poison Magic
   610 | D        | Reached XP level 8. HP: 35/68 MP: 14/20
   621 | D        | Killed an elephant
   901 | D        | Got the +2 halberd "Ostai" {flame, rPois rF+ Str+3 Dex+3}
  1009 | D        | Noticed Erolcha
  1009 | D        | Noticed a merfolk
  1012 | D        | Killed Erolcha
  1013 | D        | Reached XP level 9. HP: 63/75 MP: 20/22
  1019 | D        | Killed a merfolk
  1104 | D        | Noticed a merfolk
  1106 | D        | Noticed a merfolk javelineer
  1109 | D        | Noticed a merfolk
  1110 | D        | Noticed a merfolk
  1116 | D        | Killed a merfolk
  1116 | D        | Killed a merfolk
  1117 | D        | Reached skill level 10 in Spellcasting
  1118 | D        | Killed a merfolk
  1119 | D        | Reached XP level 10. HP: 26/85 MP: 1/24
  1120 | D        | Killed a shadow wraith
  1121 | D        | Reached skill level 10 in Fighting
  1121 | D        | Reached skill level 10 in Polearms
  1121 | D        | Reached skill level 10 in Dodging
  1125 | D        | Killed a merfolk javelineer
  1126 | D        | Reached skill level 10 in Invocations
  1279 | D        | Noticed a smoke demon
  1292 | D        | Killed a smoke demon
  1404 | D        | Noticed a war gargoyle
  1416 | D        | Mangled by a war gargoyle

Illustrated notes

Levels and vault maps discovered:
D:        pitsprint [storerooms_1, entrance_room_1, metal_vault_2, armoury_1,
          mini_pit_1, grid_room_1, main_hall_1, silver_pit, the_coven_1,
          the_vestibule_1, steel_vault_4, golden_pit, hallway_of_sentries,
          crystal_vault_3, iron_vault_2, final_vault]

Skill      XL: |  1  2  3  4  5  6  7  8  9 10 |
---------------+-------------------------------+-----
Short Blades   | 1 2 3 4 5 6 7 8 9 |  9.4
Long Blades    | 1 2 3 4 5 6 7 8 9 |  9.4
Axes           | 1 2 3 4 5 6 7 8 9 |  9.4
Maces & Flails | 1 2 3 4 5 6 7 8 9 |  9.4
Staves         | 1 2 3 4 5 6 7 8 9 |  9.4
Ranged Weapons | 1 2 3 4 5 6 7 8 9 |  9.4
Stealth        | 1 2 3 4 5 6 7 8 9 |  9.4
Shields        | 1 2 3 4 5 6 7 8 9 |  9.4
Unarmed Combat | 1 2 3 4 5 6 7 8 9 |  9.4
Spellcasting   | 5 6 7 8 9 10 | 10.7
Conjurations   | 1 2 3 4 5 6 7 |  7.9
Hexes          | 1 2 3 4 5 6 7 |  7.9
Summonings     | 1 2 3 4 5 6 7 |  7.9
Necromancy     | 1 2 3 4 5 6 7 |  7.9
Transmutations | 1 2 3 4 5 6 7 |  7.9
Fire Magic     | 1 2 3 4 5 6 7 |  7.9
Ice Magic      | 1 2 3 4 5 6 7 |  7.9
Air Magic      | 1 2 3 4 5 6 7 |  7.9
Earth Magic    | 1 2 3 4 5 6 7 |  7.9
Poison Magic   | 1 2 3 4 5 6 7 |  7.9
Invocations    | 1 2 3 4 5 6 8 9 10 | 10.3
Evocations     | 1 2 3 4 5 6 7 8 9 |  9.4
Throwing       | 3 4 5 6 8 9 |  9.8
Armour         | 3 4 5 6 8 9 |  9.8
Fighting       | 5 6 7 8 9 10 | 10.5
Polearms       | 5 6 7 8 9 10 | 10.5
Dodging        | 5 6 7 8 9 10 | 10.5
Translocations | 6 7 8 9 |  9.7

Action                   |  1- 3 |  4- 6 |  7- 9 | 10-12 || total
-------------------------+-------+-------+-------+-------++-------
Melee: Spear             |     5 |       |       |       ||     5
       Trident           |    31 |    33 |    46 |       ||   110
       Bite              |     2 |     5 |    12 |     5 ||    24
       Punch             |       |     2 |     5 |       ||     7
       Halberd           |       |       |    20 |    39 ||    59
 Cast: Manifold Assault  |       |       |     5 |       ||     5
Invok: Slouch            |       |       |     3 |       ||     3
  Use: Potion            |     2 |       |     1 |     1 ||     4
 Stab: Sleeping          |     1 |     2 |       |     1 ||     4
Armor: Leather armour    |    11 |       |       |       ||    11
       Scale mail        |     1 |     8 |    30 |       ||    39
       Chain mail        |       |       |     5 |     7 ||    12
Dodge: Dodged            |    31 |     8 |    62 |    55 ||   156

Table legend: (Time is in decaauts)
 A = Elapsed time spent in this place.
 B = Non-inter-level travel time spent in this place.
 C = Inter-level travel time spent in this place.
 D = Time resting spent in this place.
 E = Time spent auto-exploring this place.
 F = Levels seen in this place.
 G = Mean time per level.
                   A        B        C        D        E       F      G
               +--------+--------+--------+--------+--------+-----+--------+
         Total |   1699 |   1583 |    116 |    809 |      0 |   1 | 1699.0 |
       Dungeon |   1699 |   1583 |    116 |    809 |      0 |   1 | 1699.0 |
               +--------+--------+--------+--------+--------+-----+--------+

Top non-repeatable levels by time:
       D: 1699 daAuts
